 Dungeon Crawl Stone Soup version 0.26-a0-683-g5206c1d7ac (webtiles) character file.

Game seed: 14079873804750824347

52577 jasper the Fetichist (level 15, -4/142 HPs)
             Began as a Kobold Berserker on Oct 23, 2020.
             Was an Elder of Trog.
             Killed by divine providence
             ... invoked by Saint Roka
              (11 damage)
             ... on level 2 of the Orcish Mines.
             The game lasted 00:37:17 (25042 turns).

jasper the Fetichist (Kobold Berserker)            Turns: 25042, Time: 00:37:18

Health: -4/142     AC: 18    Str: 20    XL:     15   Next: 6%
Magic:  15/15      EV: 22    Int:  9    God:    Trog [****..]
Gold:   1955       SH:  7    Dex: 21    Spells: 14/14 levels left

rFire    + + .     SeeInvis .   X - +3 short sword (venom)
rCold    x . .     Faith    .   E - +0 buckler
rNeg     . . .     Spirit   .   v - +3 scale mail {rF+}
rPois    .         Reflect  .   h - +1 hat
rElec    .         Harm     .   S - scarf {+Inv}
rCorr    .         Rampage  .   B - +0 pair of gloves {Dex+3}
MR       +....                  n - +0 pair of boots
Stlth    ..........             L - amulet of regeneration
HPRegen  0.73/turn              z - +4 ring of protection
MPRegen  0.14/turn              a - ring of Mistrust {Fire +Blink Dex+3}

@: berserking (expiring), very quick
A: small, nightstalker 3
a: Berserk, Trog's Hand, Brothers in Arms, Renounce Religion, Evoke Blink, Evoke
Invisibility


You were on level 2 of the Orcish Mines.
You worshipped Trog.
Trog was greatly pleased with you.
You visited 3 branches of the dungeon, and saw 18 of its levels.
You visited the Abyss 1 time.
You also visited: Sewer.

You collected 1955 gold pieces.

Inventory:

Hand Weapons
 c - a +0 dagger of venom
 j - a +2 quick blade
 t - a +0 rapier
 J - a +4 vorpal dagger
 W - a +4 dagger of chaos
 X - a +3 short sword of venom (weapon)
Missiles
 l - 454 stones (quivered)
 H - 4 boomerangs of dispersal
Armour
 h - a +1 hat (worn)
 n - a +0 pair of boots (worn)
 u - the +0 pair of gloves of Dixuf {Int+2}
   (You found it on level 4 of the Dungeon)

   It affects your intelligence (+2).
 v - a +3 scale mail of fire resistance (worn)
 B - a +0 pair of gloves of dexterity (worn)
 D - a +2 cloak of magic resistance
 E - a +0 buckler (worn)
 F - a +0 kite shield
 S - a scarf of invisibility (worn)
Jewellery
 a - the ring of Mistrust (right hand) {Fire +Blink Dex+3}
   (You found it on level 1 of the Lair of Beasts)

   [ring of fire]

   It enhances your fire magic.
   It affects your dexterity (+3).
   It protects you from fire.
   It makes you vulnerable to cold.
   It lets you blink.
 b - an uncursed amulet of guardian spirit
 p - an uncursed ring of attention
 r - an uncursed ring of magical power
 z - a +4 ring of protection (left hand)
 L - an amulet of regeneration (around neck)
 P - an uncursed ring of flight
 Z - a +4 ring of evasion
Wands
 s - a wand of flame (23)
 G - a wand of random effects (12)
 K - a wand of enslavement (6)
 V - a wand of digging (3)
Scrolls
 f - 7 scrolls of enchant armour
 m - 2 scrolls of immolation
 w - a scroll of summoning
 x - 3 scrolls of teleportation
 y - 2 scrolls of fog
 I - 6 scrolls of remove curse
 M - a scroll of holy word
 O - a scroll of noise
 T - 6 scrolls of enchant weapon
 U - a scroll of magic mapping
Potions
 d - 4 potions of flight
 e - 5 potions of lignification
 g - a potion of magic {unknown}
 i - 2 potions of degeneration
 k - a potion of cancellation
 o - 2 potions of haste
 q - 3 potions of stabbing
 A - 6 potions of curing
 C - a potion of brilliance
 N - a potion of resistance
 R - a potion of ambrosia
 Y - a potion of berserk rage
Miscellaneous
 Q - a box of beasts (2/3)


   Skills:
 * Level 11.3 Fighting
 - Level 14.0 Short Blades
 + Level 8.2 Armour
 + Level 11.4 Dodging
 + Level 4.3 Stealth
 - Level 5.6 Shields
 - Level 16.0 Evocations


You had 14 spell levels left.
You didn't know any spells.
Your spell library was empty.

Dungeon Overview and Level Annotations

Branches:
Dungeon (11/15)            Temple (0/1) D:6            Lair (5/6) D:11
 Shoals (0/4) Lair:4       Spider (0/4) Lair:2          Orc (2/2) D:9
    Elf (0/3) Orc:2         Sewer (visited)
  Slime: Lair:5-6

Altars:
Dithmenos
Elyvilon
Gozag
Hepliaklqana
Kikubaaqudgha
Ru
Trog
Uskayaw
Vehumet
Wu Jian
Xom
Yredelemnul
Zin
The Shining One
Beogh

Shops:
D:6 *:   Orc:1 (

Annotations:
D:9 exclusion: orange crystal statue
Lair:4 Sonja
Orc:2 Saint Roka


Innate Abilities, Weirdness & Mutations

You are small and have problems with some larger weapons.
You are completely attuned to the shadows.


Message History

You closely miss Saint Roka. You hit Saint Roka but do no damage.
The orc warrior barely misses you.
You puncture Saint Roka!
Saint Roka is poisoned.
Saint Roka is lightly wounded.
You block the orc warrior's attack.
You hit Saint Roka but do no damage.
Saint Roka looks as sick as possible!
Saint Roka is lightly wounded.
Saint Roka mumbles some strange prayers to Beogh against you.
Beogh smites you!
* * * LOW HITPOINT WARNING * * *
You take 12 damage, and have 29/142 hp.
You completely miss the orc warrior. The orc warrior closely misses you.
You hit the orc warrior.
The orc warrior is lightly wounded.
The orc warrior hits you with a +0 trident!!
* * * LOW HITPOINT WARNING * * *
You take 22 damage, and have 7/142 hp.
Saint Roka mumbles some strange prayers to Beogh against you.
Beogh smites you!
You die...

.........
..._.......
...........
......oo....
#.....o)))##
....[@..).#
#.)[).#...#
#..[[^##...
#8[).8# #..
#..)..####.
###.[...#.####
#..........#.##
###.............#
##
##........)......#
#.


You could see Saint Roka (extremely poisoned) and 2 orc warriors.

Vanquished Creatures
  A tentacled starspawn (Abyss:1)
  Donald (Orc:1)
  A stone giant (Orc:1)
  Azrael (Orc:2)
  Erolcha (D:9)
  8 hydras
  A rakshasa (D:11)
  5 two-headed ogres
  A hell knight (Abyss:1)
  An orc high priest (Orc:2)
  A spatial maelstrom (Abyss:1)
  A wizard (Abyss:1)
  A large abomination (Abyss:1)
  2 orc knights (Orc:2)
  A wolf spider (Lair:2)
  A worldbinder (Abyss:1)
  An ugly thing (D:10)
  3 orc sorcerers
  A torpor snail (Lair:5)
  Psyche (D:11)
  3 black mambas
  2 smoke demons (Abyss:1)
  A centaur skeleton (D:10)
  10 cane toads
  An efreet (Abyss:1)
  9 komodo dragons
  An ancient zyme (Abyss:1)
  4 trolls
  Prince Ribbit (D:7)
  11 blink frogs
  2 hornets
  A polar bear (Lair:4)
  2 redbacks (Lair:2)
  A shadow (D:10)
  A wraith (Abyss:1)
  A spriggan (Lair:5)
  Eustachio (D:5)
  21 yaks
  Grum (D:11)
  4 fire elementals
  2 wyverns (Lair:3)
  A neqoxec (Abyss:1)
  2 wargs
  11 water moccasins
  4 hell hounds
  Duvessa (D:5)
  13 orc warriors
  6 sky beasts
  2 phantoms
  An eye of draining (D:9)
  2 ice beasts
  11 ogres
  2 hornet zombies
  A necrophage (D:9)
  25 wolves
  2 black bears
  2 big kobolds
  2 centaurs
  17 bullfrogs
  A gnoll sergeant (D:7)
  Dowan (D:5)
  A wyvern skeleton (D:6)
  3 scorpions (D:6)
  A water moccasin skeleton (D:5)
  6 killer bees (D:10)
  8 wights (D:7)
  4 howler monkeys
  A centaur zombie (D:8)
  2 bullfrog zombies
  21 orc priests
  13 orc wizards
  2 jellies
  A gnoll shaman (Orc:2)
  5 hounds
  Crazy Yiuf (D:5)
  3 bullfrog skeletons
  3 iguanas
  4 small abominations (Abyss:1)
  7 worker ants
  A hound zombie (D:7)
  A mummy (D:8)
  A hound skeleton (D:7)
  2 worker ant zombies
  8 gnolls
  9 adders
  A river rat (Sewer)
  2 shadow imps
  4 white imps
  2 ufetubi
  2 worms
  4 dart slugs
  8 leopard geckos
  76 orcs
  4 giant cockroaches
  15 goblins
  6 hobgoblins
  18 jackals
  15 kobolds
  5 quokkas
  11 bats
  5 frilled lizards
  2 hobgoblin zombies (D:8)
  3 jackal skeletons
  3 leopard gecko skeletons
  2 quokka skeletons
  A quokka zombie (D:8)
  17 rats
  A starspawn tentacle (Abyss:1)
536 creatures vanquished.

Vanquished Creatures (collateral kills)
  A large abomination (Abyss:1)
  An orc knight (Orc:2)
  3 cane toads
  A freezing wraith (Abyss:1)
  A rime drake (Lair:5)
  An efreet (Abyss:1)
  An ancient zyme (Abyss:1)
  5 blink frogs
  A ynoxinul (Abyss:1)
  A basilisk (Lair:5)
  A chaos spawn (Abyss:1)
  4 yaks
  3 orc warriors (Orc:2)
  5 wolves (Lair:5)
  2 small abominations (Abyss:1)
  An orc priest (D:9)
  3 orc wizards
  11 orcs
46 creatures vanquished.

Vanquished Creatures (others)
  An ugly thing (Abyss:1)
  An ancient zyme (Abyss:1)
  A troll (Orc:2)
  An orc wizard (Orc:2)
  39 fungi
  33 plants
  8 starspawn tentacles (Abyss:1)
  3 toadstools (D:6)
87 creatures vanquished.

Grand Total: 669 creatures vanquished

Notes
Turn   | Place    | Note
-------+----------+-------------------------------------------
     0 | D:1      | jasper the Kobold Berserker began the quest for the Orb.
     0 | D:1      | Reached XP level 1. HP: 14/14 MP: 1/1
   256 | D:1      | Reached XP level 2. HP: 19/19 MP: 2/2
   420 | D:1      | Reached skill level 5 in Short Blades
   616 | D:1      | Reached XP level 3. HP: 18/23 MP: 3/3
   718 | D:1      | Reached ** piety under Trog
  1159 | D:2      | Reached XP level 4. HP: 27/28 MP: 4/4
  1616 | D:2      | Found an opulent altar of Gozag.
  2111 | D:3      | Reached XP level 5. HP: 32/32 MP: 5/5
  2330 | D:3      | Reached *** piety under Trog
  2374 | D:3      | HP: 2/48 [orc (1)]
  2802 | D:3      | Noticed an ogre
  2808 | D:3      | Reached XP level 6. HP: 37/37 MP: 6/6
  2822 | D:3      | Killed an ogre
  3210 | D:4      | Reached XP level 7. HP: 41/41 MP: 7/7
  3450 | D:4      | Got a shimmering cloak
  3456 | D:4      | Identified the cursed +0 cloak of Kindness {Int+4} (You
                  | found it on level 4 of the Dungeon)
  3509 | D:4      | Identified the +5 flail "Kiboc" {vorpal, Int+2}
  3608 | D:4      | Found a white marble altar of Elyvilon.
  3758 | D:4      | Reached skill level 10 in Short Blades
  3969 | D:4      | Got a pair of ichor-stained gloves
  3975 | D:4      | Identified the +0 pair of gloves of Dixuf {Int+2} (You
                  | found it on level 4 of the Dungeon)
  4108 | D:5      | Entered Level 5 of the Dungeon
  4260 | D:5      | Noticed Dowan
  4272 | D:5      | Noticed Duvessa
  4296 | D:5      | Killed Duvessa
  4301 | D:5      | Killed Dowan
  4301 | D:5      | Reached **** piety under Trog
  4301 | D:5      | Reached XP level 8. HP: 46/46 MP: 8/8
  4368 | D:5      | Found a hide-covered altar of Uskayaw.
  4496 | D:5      | Noticed Eustachio
  4509 | D:5      | Killed Eustachio
  4621 | D:5      | Found a glowing golden altar of the Shining One.
  4977 | D:5      | Got a smoking jade amulet
  5133 | D:5      | Found a runed translucent door.
  5136 | D:5      | Noticed Crazy Yiuf
  5143 | D:5      | Killed Crazy Yiuf
  5179 | D:5      | Identified the amulet "Wyzuhaca" {Inacc +Blink} (You found
                  | it on level 5 of the Dungeon)
  5494 | D:5      | Reached XP level 9. HP: 51/51 MP: 9/9
  5753 | D:6      | Found a glowing drain.
  5766 | Sewer    | Entered a sewer
  5930 | Sewer    | Found a white marble altar of Elyvilon.
  6107 | D:6      | Found Luclimoss's Luxury Loot.
  6189 | D:6      | Found a bloodstained altar of Trog.
  6189 | D:6      | Found an ornate altar of the Wu Jian Council.
  6191 | D:6      | Found a sacrificial altar of Ru.
  6195 | D:6      | Found a hazy altar of Hepliaklqana.
  6196 | D:6      | Found an ancient bone altar of Kikubaaqudgha.
  6198 | D:6      | Found a radiant altar of Vehumet.
  6198 | D:6      | Found an opulent altar of Gozag.
  6199 | D:6      | Found a basalt altar of Yredelemnul.
  6328 | D:6      | Found Miwen's Book Boutique.
  6559 | D:6      | Found a staircase to the Ecumenical Temple.
  6953 | D:7      | Reached skill level 5 in Fighting
  7214 | D:7      | Reached skill level 5 in Dodging
  7425 | D:7      | Reached ***** piety under Trog
  7425 | D:7      | Reached XP level 10. HP: 60/60 MP: 10/10
  7601 | D:7      | Reached skill level 1 in Shields
  8019 | D:7      | Noticed Prince Ribbit
  8040 | D:7      | Killed Prince Ribbit
  8535 | D:8      | Found a shimmering altar of Xom.
  8697 | D:8      | You fall into a shaft and drop 3 floors!
  8949 | D:10     | Entered Level 10 of the Dungeon
  8971 | D:9      | Paralysed by a hornet for 2 turns
  9178 | D:9      | Found a staircase to the Orcish Mines.
  9237 | D:9      | Received a gift from Trog
  9405 | D:9      | Noticed Erolcha
  9416 | D:9      | Killed Erolcha
  9416 | D:9      | Reached skill level 5 in Armour
  9580 | D:9      | Noticed an orange crystal statue
  9723 | D:9      | Noticed a two-headed ogre
  9729 | D:9      | Killed a two-headed ogre
  9729 | D:9      | Reached XP level 11. HP: 65/65 MP: 11/11
  9820 | D:9      | Noticed a two-headed ogre
  9831 | D:9      | Killed a two-headed ogre
  9831 | D:9      | Reached skill level 5 in Shields
  9966 | D:8      | Noticed a two-headed ogre
  9976 | D:8      | Killed a two-headed ogre
 10183 | D:8      | Found a shadowy altar of Dithmenos.
 10375 | D:8      | Found a glowing silver altar of Zin.
 11725 | D:10     | Noticed a two-headed ogre
 11733 | D:10     | Killed a two-headed ogre
 12161 | D:10     | Reached skill level 1 in Evocations
 12207 | D:10     | Noticed a purple ugly thing
 12260 | D:11     | Noticed Grum
 12273 | D:11     | Killed Grum
 12273 | D:11     | Reached skill level 2 in Evocations
 12460 | D:11     | Noticed a rakshasa
 12485 | D:11     | Killed a rakshasa
 12485 | D:11     | Reached skill level 3 in Evocations
 12485 | D:11     | Reached XP level 12. HP: 73/73 MP: 12/12
 13132 | D:11     | Noticed Psyche
 13138 | D:11     | Killed Psyche
 13138 | D:11     | Reached skill level 4 in Evocations
 13299 | D:11     | Found a staircase to the Lair.
 14070 | Lair:1   | Entered Level 1 of the Lair of Beasts
 14085 | Lair:1   | Noticed a four-headed hydra
 14095 | Lair:1   | Killed a four-headed hydra
 14095 | Lair:1   | Reached skill level 5 in Evocations
 14586 | Lair:1   | Reached skill level 6 in Evocations
 14623 | Lair:1   | Reached skill level 10 in Dodging
 14870 | Lair:1   | Got a vibrating silver ring
 14872 | Lair:1   | Identified the ring of Mistrust {Fire +Blink Dex+3} (You
                  | found it on level 1 of the Lair of Beasts)
 15146 | Lair:1   | Reached skill level 7 in Evocations
 16219 | Lair:2   | Reached skill level 8 in Evocations
 16219 | Lair:2   | Reached XP level 13. HP: 80/80 MP: 13/13
 16480 | Lair:2   | Noticed an eight-headed hydra
 16490 | Lair:2   | Killed an eight-headed hydra
 16490 | Lair:2   | Reached skill level 10 in Fighting
 16681 | Lair:2   | Found a hole to the Spider Nest.
 16911 | Lair:2   | Noticed a four-headed hydra
 16922 | Lair:2   | Killed a four-headed hydra
 16931 | Lair:2   | Reached skill level 9 in Evocations
 17005 | Lair:2   | Noticed a five-headed hydra
 17016 | Lair:2   | Killed a five-headed hydra
 17382 | Lair:2   | Received a gift from Trog
 17506 | Lair:3   | Noticed an eight-headed hydra
 17507 | Lair:3   | Got an opal-encrusted chain mail
 17524 | Lair:2   | Killed an eight-headed hydra
 17559 | Lair:2   | Identified the +1 chain mail of the Dolphin {rF+} (You
                  | found it on level 3 of the Lair of Beasts)
 17620 | Lair:3   | Reached skill level 10 in Evocations
 18151 | Lair:3   | Reached skill level 11 in Evocations
 18336 | Lair:3   | You fall into a shaft and drop 2 floors!
 18703 | Lair:5   | Reached skill level 12 in Evocations
 18885 | Lair:5   | Noticed a four-headed hydra
 18900 | Lair:5   | Killed a four-headed hydra
 18993 | Lair:5   | Noticed a five-headed hydra
 19002 | Lair:5   | Killed a five-headed hydra
 19542 | Lair:5   | Reached skill level 13 in Evocations
 19574 | Lair:5   | Reached XP level 14. HP: 30/86 MP: 14/14
 19842 | Lair:4   | Found a staircase to the Shoals.
 19860 | Lair:4   | Noticed Sonja
 19880 | Lair:4   | Cast into level 1 of the Abyss (Sonja)
 20057 | Abyss:1  | Reached skill level 14 in Evocations
 20062 | Abyss:1  | Noticed a tentacled starspawn
 20082 | Abyss:1  | HP: 3/86 [large abomination (31)]
 20399 | Abyss:1  | Noticed a starcursed mass
 20490 | Abyss:1  | Noticed a tentacled starspawn
 20544 | Abyss:1  | Noticed a starcursed mass
 20569 | Abyss:1  | Noticed a purple very ugly thing
 20858 | Abyss:1  | Noticed a tentacled starspawn
 20862 | Abyss:1  | Reached skill level 15 in Evocations
 20879 | Abyss:1  | Killed a tentacled starspawn
 20916 | Abyss:1  | Noticed a Hell Sentinel
 21041 | Abyss:1  | Noticed a green very ugly thing
 21057 | Lair:4   | Escaped the Abyss
 21296 | Lair:3   | You fall into a shaft and drop 2 floors!
 21734 | Lair:3   | Reached skill level 16 in Evocations
 22123 | Orc:1    | Entered Level 1 of the Orcish Mines
 22305 | Orc:1    | Noticed a stone giant
 22339 | Orc:1    | Killed a stone giant
 22339 | Orc:1    | Reached skill level 1 in Stealth
 22508 | Orc:1    | Found Nyxki's Weapon Emporium.
 22703 | Orc:2    | Entered Level 2 of the Orcish Mines
 23215 | Orc:2    | Found a staircase to the Elven Halls.
 23987 | Orc:2    | Noticed Saint Roka
 24272 | Orc:2    | Noticed Azrael
 24288 | Orc:2    | Killed Azrael
 24296 | Orc:2    | Noticed Donald
 24393 | Orc:1    | Killed Donald
 24786 | Orc:2    | Reached XP level 15. HP: 95/95 MP: 15/15
 25008 | Orc:2    | Found a roughly hewn altar of Beogh.
 25041 | Orc:2    | HP: 7/142 [orc warrior/+0 trident[Saint Roka] (23)]
 25042 | Orc:2    | Killed from afar by Saint Roka

Illustrated notes

Levels and vault maps discovered:
D:1:      dpeg_arrival_ratfight, layout_loops_ring
D:2:      layout_loops_cross, grunt_gozag_breadcrumbs
D:3:      layout_rooms, minmay_ogre_servants
D:4:      layout_loops_ring, elyvilon_altar_3
D:5:      layout_loops_ring, nicolae_tso_carved_into_rock,
          eat_drink_and_be_merry_uskayaw, water_boxes_lemuel, uniq_eustachio,
          uniq_crazy_yiuf_cottage, uniq_duvessa
D:6:      layout_rooms, grunt_temple_overflow_open,
          minmay_temple_entry_proselytizer, portal_sewer_entry_f, serial_shops,
          nicolae_shop_waterfront, nicolae_alphabet_shops,
          minmay_gold_behind_fungi
D:7:      layout_gridville, minivault_5, uniq_prince_ribbit1
D:8:      layout_basic, nicolae_dithmenos_through_a_glass_darkly, zin_treasury,
          xom_butterflies, nicolae_ossuary_entry_giza
D:9:      layout_basic, hiddenorc2_lemuel, minmay_protected_statue, uniq_erolcha
D:10:     layout_rooms, serial_rivers, chequers_serial_rivers_micro_e,
          chequers_serial_rivers_room_b, chequers_serial_rivers_micro_d,
          chequers_serial_rivers_micro_a, chequers_serial_rivers_micro_a
D:11:     layout_loops_corners, lair_entry_dummy, uniq_grum, uniq_psyche
Lair:1:   layout_small_grid, lemuel_old_faithful
Lair:2:   layout_regular_city, spider_nest_entry_funnel_web,
          grunt_forest_small_clearings, beast_lair_carwin_1, grunt_megastairs_4
Lair:3:   layout_hall_layers, minivault_23, grunt_megastairs_3
Lair:4:   layout_regular_city, elwin_shoals_entry_rocks, beast_lair_carwin_4,
          uniq_sonja
Lair:5:   layout_long_grid, minivault_19, wad_woods_road_02,
          grunt_forest_large_clearings
Orc:1:    layout_caves, serial_shops, shop
Orc:2:    grunt_orc_cross, layout_diamond_mine, mines2_david, uniq_donald,
          uniq_azrael

Skill      XL: |  1  2  3  4  5  6  7  8  9 10 11 12 13 14 |
---------------+-------------------------------------------+-----
Short Blades   | 5 6 7 8 9 11 13 14 | 14.0
Armour         | 3 5 6 7 8 |  8.2
Dodging        | 5 7 9 10 11 | 11.4
Fighting       | 5 7 8 9 10 11 | 11.3
Shields        | 4 5 |  5.6
Evocations     | 3 8 13 16 | 16.0
Stealth        | 4 |  4.3

Action                   |  1- 3 |  4- 6 |  7- 9 | 10-12 | 13-15 || total
-------------------------+-------+-------+-------+-------+-------++-------
Melee: Short sword       |   107 |   181 |    39 |       |   258 ||   585
       Rapier            |       |       |   483 |   223 |       ||   706
       Dagger            |       |       |       |   816 |  1018 ||  1834
Throw: Throwing net      |     1 |     2 |       |       |       ||     3
       Stone             |       |       |     4 |     5 |    14 ||    23
Invok: Berserk           |     1 |     8 |     9 |    36 |    50 ||   104
       Trog's Hand       |       |     1 |     1 |     6 |    16 ||    24
       Brothers in Arms  |       |       |       |     2 |     5 ||     7
 Abil: Evoke Invisibilit |       |       |       |       |     2 ||     2
Evoke: Wand              |       |       |       |     2 |    24 ||    26
       Box of beasts     |       |       |       |       |     5 ||     5
  Use: Scroll            |       |       |    13 |     9 |    14 ||    36
       Potion            |       |       |     5 |       |     2 ||     7
 Stab: Sleeping          |     6 |     5 |     3 |     1 |       ||    15
       Held in net/web   |       |     1 |       |       |       ||     1
       Distracted        |       |       |       |     1 |     2 ||     3
       Invisible         |       |       |       |       |     8 ||     8
Armor: Animal skin       |    12 |       |       |       |       ||    12
       Ring mail         |    15 |    38 |    10 |       |       ||    63
       Scale mail        |       |       |   116 |   153 |   269 ||   538
Dodge: Dodged            |    72 |    88 |   206 |   391 |   775 ||  1532
Block: Buckler           |       |       |       |   153 |   324 ||   477

Table legend: (Time is in decaauts)
 A = Elapsed time spent in this place.
 B = Non-inter-level travel time spent in this place.
 C = Inter-level travel time spent in this place.
 D = Time resting spent in this place.
 E = Time spent auto-exploring this place.
 F = Levels seen in this place.
 G = Mean time per level.
                   A        B        C        D        E       F      G
               +--------+--------+--------+--------+--------+-----+--------+
         Total |  24580 |  23728 |    852 |   5800 |  13659 |  20 | 1229.0 |
       Dungeon |  13550 |  12986 |    564 |   1876 |   9000 |  11 | 1231.8 |
          Lair |   6669 |   6423 |    246 |   2155 |   3168 |   5 | 1333.8 |
  Orcish Mines |   2833 |   2792 |     41 |   1377 |    892 |   2 | 1416.5 |
         Abyss |   1168 |   1168 |      0 |    390 |    279 |   1 | 1168.0 |
         Sewer |    358 |    358 |      0 |      0 |    317 |   1 |  358.0 |
               +--------+--------+--------+--------+--------+-----+--------+

Top non-repeatable levels by time:
  Lair:2: 2000 daAuts
     D:9: 1869 daAuts
    D:11: 1676 daAuts
     D:5: 1630 daAuts
  Lair:1: 1629 daAuts
   Orc:2: 1425 daAuts
  Lair:3: 1424 daAuts
   Orc:1: 1407 daAuts
  Lair:5: 1316 daAuts
     D:8: 1309 daAuts
     D:7: 1266 daAuts
 Abyss:1: 1168 daAuts
     D:3: 1148 daAuts
     D:1: 1036 daAuts
     D:4: 1026 daAuts
